 Dungeon Crawl Stone Soup version 0.26-a0-466-g989023bd0d (webtiles) character file.

Game seed: 10532822677103656392

11 jt the Sneak (level 2, -1/25 HPs)
             Began as a Demigod Delver on Aug 15, 2020.
             Slain by Grinder (4 damage)
             ... on level 4 of the Dungeon.
             The game lasted 00:01:38 (386 turns).

jt the Sneak (Demigod Delver)                        Turns: 386, Time: 00:01:39

Health: -1/25      AC:  4    Str: 15    XL:     2   Next: 3%
Magic:  4/4        EV: 12    Int: 14    God:
Gold:   18         SH:  0    Dex: 17    Spells: 1/1 levels left

rFire    . . .     SeeInvis .   a - +0 spear
rCold    . . .     Faith    .   (no shield)
rNeg     . . .     Spirit   .   b - +0 leather armour
rPois    .         Reflect  .   (no helmet)
rElec    .         Harm     .   (no cloak)
rCorr    .                      h - +0 pair of gloves
MR       .....                  (no boots)
Stlth    +++.......             i - amulet of inaccuracy (curse)
HPRegen  0.08/turn              (no ring)
MPRegen  0.09/turn              (no ring)

@: hasted, very quick
A: high mp 1
a: no special abilities


You were on level 4 of the Dungeon.
You visited 1 branch of the dungeon, and saw 2 of its levels.

You collected 18 gold pieces.

Inventory:

Hand Weapons
 a - a +0 spear (weapon)
Armour
 b - a +0 leather armour (worn)
 h - a +0 pair of gloves (worn)
Jewellery
 i - a cursed amulet of inaccuracy (around neck)
Wands
 g - a wand of digging (3)
Scrolls
 d - a scroll of magic mapping


   Skills:
 + Level 2.7 Fighting
 + Level 1.8 Polearms
 + Level 1.8 Dodging
 + Level 4.9 Stealth


You had one spell level left.
You didn't know any spells.
Your spell library was empty.

Dungeon Overview and Level Annotations

Branches:
Dungeon (5/15)
 Temple: D:4-7

Annotations:
D:4 Grinder


Innate Abilities, Weirdness & Mutations

You have an increased reservoir of magic. (+10% MP)


Message History

Attack whom?
Press: ? - help, Dir - move target cursor, f - Grinder
Aim: Grinder, carrying a wand of random effects (11)
You reach to attack!
You barely miss Grinder.
Press: ? - help, Dir - move target cursor, f/p - Grinder
Aim: Grinder, carrying a wand of random effects (11)
You reach to attack!
You miss Grinder.
As you read the scroll of fear, it crumbles to dust.
You assume a fearsome visage.
Grinder is unaffected.
Grinder barely misses you.
You hit Grinder but do no damage. You hit Grinder but do no damage.
Grinder barely misses you.
You barely miss Grinder. Grinder gestures at you.
Pain shoots through your body!
Ouch! That really hurt!
* * * LOW HITPOINT WARNING * * *
You hit Grinder.
Grinder is lightly wounded.
Grinder hits you.
You die...

###.# .#####..# # #.# #..#
. .# #..# ... #
#.###..#### #...#
###...............##.....#
......[..............#
###.###...#.#####.##.# #
.....#####5##.# .
..#......@#..# .# #
..######.##.# ###.# ..#
#.# # #... ... #.# #.# #.#
### ..# ... #.###.#
#.....# ###.###


You could see Grinder.

Vanquished Creatures
  An adder (D:4)
  A quokka (D:4)
  A jackal skeleton (D:4)
3 creatures vanquished.

Vanquished Creatures (others)
  8 fungi (D:4)
8 creatures vanquished.

Grand Total: 11 creatures vanquished

Notes
Turn   | Place    | Note
-------+----------+-------------------------------------------
     0 | D:5      | jt the Demigod Delver began the quest for the Orb.
     0 | D:5      | Reached XP level 1. HP: 18/18 MP: 3/3
     9 | D:5      | Noticed a phantom
   262 | D:4      | Found a blossoming altar of Fedhas.
   264 | D:4      | Noticed a centaur
   343 | D:4      | Reached XP level 2. HP: 25/25 MP: 4/4
   371 | D:4      | Noticed Grinder
   386 | D:4      | Slain by Grinder

Illustrated notes

Levels and vault maps discovered:
D:4:      layout_loops_ring, fedhas_bush_and_centaur_altar, okawaru_gym_becter,
          serial_aquarium, aquarium_bridge_square [aquarium_subvault_window,
          aquarium_subvault_wall, aquarium_subvault_wall,
          aquarium_subvault_bridge], aquarium_window_double, aquarium_window_2,
          aquarium_window_fake, aquarium_window_3, aquarium_view_2g,
          uniq_grinder, uniq_blork_the_orc
D:5:      layout_rooms, lemuel_doored_altar, minmay_temple_entry_gardened_gates,
          gammafunk_ghost_abyssal_escape

Action                   || total
-------------------------++-------
Melee: Spear             ||    24
  Use: Scroll            ||     2
       Potion            ||     1
 Stab: Sleeping          ||     1
Armor: Leather armour    ||     4
Dodge: Dodged            ||    21

Table legend: (Time is in decaauts)
 A = Elapsed time spent in this place.
 B = Non-inter-level travel time spent in this place.
 C = Inter-level travel time spent in this place.
 D = Time resting spent in this place.
 E = Time spent auto-exploring this place.
 F = Levels seen in this place.
 G = Mean time per level.
                   A        B        C        D        E       F      G
               +--------+--------+--------+--------+--------+-----+--------+
         Total |    383 |    383 |      0 |    146 |      0 |   2 |  191.5 |
       Dungeon |    383 |    383 |      0 |    146 |      0 |   2 |  191.5 |
               +--------+--------+--------+--------+--------+-----+--------+

Top non-repeatable levels by time:
     D:4: 363 daAuts
     D:5: 20 daAuts
